 Dungeon Crawl Stone Soup version 0.27-a0-1065-ge809cff456 (webtiles) character file.

Game seed: 15370395628004802161

27 BritishOli the Skirmisher (level 2, 0/24 HPs)
             Began as a Demonspawn Fighter on Apr 22, 2021.
             Slain by Natasha (2 damage)
             ... on level 2 of the Dungeon.
             The game lasted 00:00:32 (967 turns).

BritishOli the Skirmisher (Demonspawn Fighter)       Turns: 967, Time: 00:00:33

Health: 0/24       AC:  6    Str: 16    XL:     2   Next: 93%
Magic:  2/2        EV:  7    Int:  9    God:
Gold:   62         SH:  8    Dex: 12    Spells: 1/1 levels left

rFire    . . .     SeeInvis .   a - +0 long sword
rCold    . . .     Faith    .   c - +0 kite shield
rNeg     . . .     Spirit   .   b - +0 scale mail
rPois    .         Reflect  .   (no helmet)
rElec    .         Harm     .   (no cloak)
rCorr    .         Rampage  .   (no gloves)
Will     .....                  (no boots)
Stlth    ..........             (no amulet)
HPRegen  0.08/turn              (no ring)
MPRegen  0.08/turn              (no ring)

@: no status effects
A: spiny 1
a: no special abilities


You were on level 2 of the Dungeon.
You visited 1 branch of the dungeon, and saw 2 of its levels.

You collected 62 gold pieces.

Inventory:

Hand Weapons
 a - a +0 long sword (weapon)
Armour
 b - a +0 scale mail (worn)
 c - a +0 kite shield (worn)
Scrolls
 e - a scroll of identify {unknown}
 f - a scroll of silence {unknown}
 g - 2 scrolls of amnesia {unknown}
Potions
 d - a potion of might


   Skills:
 + Level 3.2 Fighting
 * Level 2.3 Long Blades
 + Level 2.9 Armour
 + Level 0.6 Dodging
 + Level 2.9 Shields


You had one spell level left.
You didn't know any spells.
Your spell library was empty.

Dungeon Overview and Level Annotations

Branches:
Dungeon (2/15)

Altars:

Annotations:
D:2 Natasha


Innate Abilities, Weirdness & Mutations

You are partially covered in sharp spines.


Message History

Unknown command.
You are too injured to fight recklessly!
Unknown command.
You are too injured to fight recklessly!
You hit the white imp but do no damage.
The white imp is heavily wounded.
The white imp hits you but does no damage.
The white imp gestures at you. The puff of frost misses you.
You hit the white imp.
The white imp is almost dead.
The white imp hits you but does no damage.
You completely miss the white imp.
The white imp is almost dead.
The white imp gestures at you. You block the puff of frost.
The white imp gestures at you. The puff of frost hits you.
* * * LOW HITPOINT WARNING * * *
Your shield and scale mail prevent you from hitting the white imp.
The white imp is almost dead.
The white imp disappears for a moment.
The white imp hits you.
* * * LOW HITPOINT WARNING * * *
The white imp freezes you.
* * * LOW HITPOINT WARNING * * *
You closely miss the white imp.
The white imp is almost dead.
The shadow imp disappears in a puff of smoke!
The white imp is struck by your spines.
You kill the white imp!
You completely miss the kobold.
The kobold is moderately wounded.
The kobold is struck by your spines.
You kill the kobold!
Natasha is struck by your spines. Natasha claws you but does no damage.
You hit Natasha.
Natasha is moderately wounded.
Natasha claws you.
You die...

.....# .. ..... #. ....
. #. ... .# #.###..##.
.........
#########)......5#
..............##h# ..
).....##..###..#@###....
##..#.##..#...........#
#...........###..####...
#.†.####.#..#⌠#..#
#...####.#..###..#
...†............##
.....#####.###.##
.............#.#
......###..#.#.#


You could see Natasha and a white imp (summoned).

Vanquished Creatures
  A dart slug (D:2)
  A ball python (D:2)
  An endoplasm (D:1)
  3 hobgoblins
  7 jackals (D:1)
  2 quokkas
  2 bats (D:1)
  2 frilled lizards
  3 kobolds
22 creatures vanquished.

Notes
Turn   | Place    | Note
-------+----------+-------------------------------------------
     0 | D:1      | BritishOli the Demonspawn Fighter began the quest for the
                  | Orb.
     0 | D:1      | Reached XP level 1. HP: 18/18 MP: 1/1
   333 | D:1      | Gained mutation: You are partially covered in sharp spines.
                  | [demonic ancestry]
   333 | D:1      | Reached XP level 2. HP: 23/24 MP: 2/2
   953 | D:2      | Noticed Natasha
   964 | D:2      | HP: 1/24 [white imp[Natasha] (5)]
   967 | D:2      | Slain by Natasha

Illustrated notes

Levels and vault maps discovered:
D:1:      onia_arrival_pyramid, layout_basic
D:2:      layout_loops_cross, serial_glass, glass_columns_a, glass_columns_b,
          feat_on_display, feat_on_display, feat_on_display,
          due_unseen_surprise, hellmonk_ecumenical_altar_slurped_away,
          st_stairs_11, uniq_natasha

Skill      XL: |  1 |
---------------+----+-----
Long Blades    | 2 |  2.3
Fighting       | |  3.2
Armour         | |  2.9
Dodging        | |  0.6
Shields        | |  2.9

Action                   || total
-------------------------++-------
Melee: Long sword        ||    62
Armor: Scale mail        ||    35
Dodge: Dodged            ||    18
Block: Kite shield       ||    25
       Rpst.: Long sword ||     9

Table legend: (Time is in decaauts)
 A = Elapsed time spent in this place.
 B = Non-inter-level travel time spent in this place.
 C = Inter-level travel time spent in this place.
 D = Time resting spent in this place.
 E = Time spent auto-exploring this place.
 F = Levels seen in this place.
 G = Mean time per level.
                   A        B        C        D        E       F      G
               +--------+--------+--------+--------+--------+-----+--------+
         Total |   1001 |    953 |     48 |      0 |    804 |   2 |  500.5 |
       Dungeon |   1001 |    953 |     48 |      0 |    804 |   2 |  500.5 |
               +--------+--------+--------+--------+--------+-----+--------+

Top non-repeatable levels by time:
     D:1: 908 daAuts
     D:2: 92 daAuts
